 Dungeon Sprint DCSS version 0.19-a0-459-gb8ed64d (webtiles) character file.

20916 Kidiri the Unseen (level 12, -16/63 HPs)
             Began as a Spriggan Enchanter on June 2, 2016.
             Was the Champion of Dithmenos.
             Killed from afar by a fire giant (79 damage)
             ... with a fireball
             ... in the Dungeon (Sprint I: "Red Sonja").
             The game lasted 00:30:25 (3685 turns).

Kidiri the Unseen (Spriggan Enchanter)              Turns: 3685, Time: 00:30:37

Health: -16/63     AC:  5    Str: 17    XL:     12   Next: 49%
Magic:  22/31      EV: 33    Int: 23    God:    Dithmenos [******]
Gold:   1386       SH:  9    Dex: 19    Spells: 8 memorised, 11 levels left

rFire  x . .     SeeInvis +     s - +2 dagger (venom)
rCold  + + .     Gourm    .     n - +2 robe {rN+}
rNeg   + . .     Faith    .     f - +1 buckler {reflect}
rPois  .         Spirit   .     (helmet restricted)
rElec  .         Dismiss  .     o - +0 cloak of Fashionability {Str+7 Int-3 SInv}
rCorr  .         Reflect  +     (gloves unavailable)
SustAt .         Harm     .     (boots unavailable)
MR     +++..     NoTele   +     (no amulet)
Stlth  ++++++++++               q - ring "Ynegoud" {Str+3 Int+4}
                                v - ring "Voisusau" {rF- rC++ MR+ Str+3 Int+3}

@: wreathed by umbra, very quick, extremely resistant to hostile enchantments,
uncannily stealthy
A: unfitting armour, see invisible, herbivore 3, speed 3, slow metabolism 2
a: Shadow Step, Shadow Form, Renounce Religion


You were in the Dungeon.
You worshipped Dithmenos.
Dithmenos was exalted by your worship.
You were not hungry.

You visited 1 branch You collected 3837 gold pieces.
You spent 2451 gold pieces at shops.

Inventory:

Hand Weapons
 s - a +2 dagger of venom (weapon)
Armour
 f - a +1 buckler of reflection (worn)
 n - a +2 robe of positive energy (worn)
 o - the +0 cloak of Fashionability (worn) {Str+7 Int-3 SInv}
   (You bought it in a shop in the Dungeon)

   It affects your strength (+7).
   It affects your intelligence (-3).
   It lets you see invisible.
Rods
 i - a +3 rod of clouds (12/12)
   (You found it in the Dungeon)
Jewellery
 a - an uncursed ring of poison resistance
 b - the ring "Fesya" {rN+ Str-3 SInv Stlth-}
   (You found it in the Dungeon)

   [ring of strength]

   It affects your strength (-3).
   It protects you from negative energy.
   It lets you see invisible.
   It makes you less stealthy.
 q - the ring "Ynegoud" (right hand) {Str+3 Int+4}
   (You bought it in a shop in the Dungeon)

   [ring of intelligence]

   It affects your strength (+3).
   It affects your intelligence (+4).
 u - an uncursed ring of protection from fire
 v - the ring "Voisusau" (left hand) {rF- rC++ MR+ Str+3 Int+3}
   (You bought it in a shop in the Dungeon)

   [ring of strength]

   It affects your strength (+3).
   It affects your intelligence (+3).
   It makes you vulnerable to fire.
   It greatly protects you from cold.
   It affects your resistance to hostile enchantments.
 w - the ring of Wuycequg {rElec EV+3 Str+4 Int+2}
   (You bought it in a shop in the Dungeon)

   [ring of evasion]

   It affects your evasion (+3).
   It affects your strength (+4).
   It affects your intelligence (+2).
   It insulates you from electricity.
Wands
 k - a wand of lightning (5/15)
 m - a wand of acid (6/15)
 p - a wand of lightning (8/15)
Scrolls
 j - a scroll of blinking
Potions
 e - a potion of cure mutation
 g - 3 potions of haste
 h - 3 potions of magic
 r - 3 potions of curing
Books
 c - a book of Maledictions

   Spells                             Type                      Level
   a - Corona                         Hexes                        1
   b - Ensorcelled Hibernation        Hexes/Ice                    2
   c - Confuse                        Hexes                        3
   d - Tukima's Dance                 Hexes                        3
   e - Dazzling Spray                 Conjuration/Hexes            3
 l - a book of the Tempests

   Spells                             Type                      Level
   a - Static Discharge               Conjuration/Air              3
   b - Lightning Bolt                 Conjuration/Air              5
   c - Fireball                       Conjuration/Fire             5
   d - Tornado                        Air                          9
   e - Shatter                        Earth                        9
 t - the Reference Book on Toxins and the Volcanoes
   (You found it in the Dungeon)

   Spells                             Type                      Level
   a - Flame Tongue                   Conjuration/Fire             1
   b - Sting                          Conjuration/Poison           1
   c - Cure Poison                    Poison                       2
   d - Ignite Poison                  Fire/Transmutation/Poison    3
   e - Bolt of Fire                   Conjuration/Fire             6
   f - Delayed Fireball               Conjuration/Fire             7
Comestibles
 d - a bread ration


   Skills:
 + Level 7.2 Fighting
 * Level 13.1 Short Blades
 + Level 6.4 Armour
 * Level 16.5 Dodging
 * Level 18.2 Stealth
 * Level 5.4 Shields
 * Level 14.1 Spellcasting
 + Level 6.3 Conjurations
 + Level 10.8 Hexes
 + Level 7.0 Ice Magic
 * Level 8.3 Air Magic
 - Level 6.1 Invocations


You had 11 spell levels left.
You knew the following spells:

 Your Spells              Type           Power        Failure   Level  Hunger
a - Corona                Hex            ######.      1%          1    None
b - Ensorcelled Hibernat  Hex/Ice        ######       1%          2    None
c - Confuse               Hex            ######..     1%          3    None
d - Tukima's Dance        Hex            ######..     1%          3    None
e - Dazzling Spray        Conj/Hex       ######       1%          3    None
f - Lightning Bolt        Conj/Air       ######....   8%          5    ###....
g - Tornado               Air            ######....   100%        9    #######
h - Cure Poison           Pois           ###.......   8%          2    None


Dungeon Overview and Level Annotations

Branches:
Dungeon (1/1)

Altars:
Cheibriados
Dithmenos
Elyvilon
Fedhas
Gozag
Hepliaklqana
Kikubaaqudgha
Makhleb
Nemelex Xobeh
Okawaru
Pakellas
Qazlal
Ru
Sif Muna
Trog
Uskayaw
Vehumet
Xom
Yredelemnul
Zin
The Shining One
Jiyva

Shops:
D %?%(*[}?![**((=[=(

Annotations:
D Norris


Innate Abilities, Weirdness & Mutations

You are tiny and cannot use many weapons and most armour.
You have supernaturally acute eyesight. (SInv)
You are a herbivore.
You cover ground extremely quickly.
You need consume almost no food.


Message History

The helpless fire giant fails to defend itself.
You skewer the fire giant like a kebab!!!!!
You kill the fire giant!
Dithmenos accepts your kill.
Dithmenos appreciates your extinguishing a source of fire.
Your Short Blades skill increases to level 13!
Your Ice Magic skill increases to level 7!
The fire giant shouts! x2
The fire giant points at you and mumbles some strange words.
The bolt of fire misses you. The fire giant completely misses you.
You hit the fire giant but do no damage.
The fire giant is poisoned.
Unknown command.
The fire giant casts a spell at you.
The bolt of fire hits the fire giant.
The fire giant resists.
The bolt of fire misses you.
The fire giant points at you and mumbles some strange words.
The fireball explodes!
The fireball engulfs you! The fire burns you terribly!
Ouch! That really hurt!
You die...

+.....+)∩##.#..####..###§..#
#
###########§##+#..#..#.###.#
#
##.......##§##§#......§§.#.#
#
.#........+§####....§§...#.#
#
.#+++######§#..+.....§####'#
.#......§§#§#####...###....#
##.......#+§#$(%#####...####
}.......≈####()...)...#
.......≈≈##[(?..@.#####
.....≈≈≈###([..C.##
..≈≈≈≈### #$.C..##
######+####$$$$$#
#######∩∩########
∩∩∩∩∩∩∩∩###≈≈≈≈≈≈ #########
####### #..0..+


You could see 2 fire giants.

Vanquished Creatures
  A golden dragon (D)
  A shadow dragon (D)
  2 fire giants (D)
  A lorocyproca (D)
  A hydra (D)
  2 centaur warriors (D)
  Sonja (D)
  A deep troll (D)
  7 unseen horrors (D)
  A lindwurm (D)
  An oklob plant (D)
  A gargoyle (D)
  2 kobold demonologists (D)
  4 demonic crawlers (D)
  A slime creature (D)
  Sigmund (D)
  2 redbacks (D)
  13 hogs (D)
  A yak (D)
  3 giant eyeballs (D)
  A wasp (D)
  7 necrophages (D)
  An ogre (D)
  8 jellies (D)
  Ijyb (D)
  2 ballistomycetes (D)
  A giant spore (D)
68 creatures vanquished.

Vanquished Creatures (others)
  A gargoyle (D)
  A giant spore (D)
2 creatures vanquished.

Grand Total: 70 creatures vanquished

Notes
Turn   | Place    | Note
--------------------------------------------------------------
     0 | D        | Kidiri the Spriggan Enchanter began the quest for the Orb.
     0 | D        | Reached XP level 1. HP: 9/9 MP: 5/5
     2 | D        | Noticed Ijyb
    46 | D        | Killed Ijyb
    46 | D        | Reached skill level 1 in Fighting
    46 | D        | Reached skill level 5 in Stealth
    46 | D        | Reached XP level 2. HP: 9/14 MP: 4/7
    53 | D        | Learned a level 2 spell: Ensorcelled Hibernation
   217 | D        | Noticed an ogre
   219 | D        | Killed an ogre
   219 | D        | Reached skill level 1 in Armour
   219 | D        | Reached skill level 7 in Stealth
   219 | D        | Reached skill level 5 in Spellcasting
   219 | D        | Reached skill level 1 in Ice Magic
   219 | D        | Reached XP level 3. HP: 18/18 MP: 7/10
   219 | D        | Reached XP level 4. HP: 23/23 MP: 8/12
   224 | D        | Learned a level 3 spell: Confuse
   228 | D        | Learned a level 3 spell: Tukima's Dance
   232 | D        | Learned a level 3 spell: Dazzling Spray
   246 | D        | Noticed Sigmund
   248 | D        | Killed Sigmund
   248 | D        | Reached skill level 5 in Short Blades
   248 | D        | Reached skill level 9 in Stealth
   248 | D        | Reached skill level 1 in Conjurations
   248 | D        | Reached skill level 5 in Hexes
   248 | D        | Reached XP level 5. HP: 27/27 MP: 12/15
   248 | D        | Reached XP level 6. HP: 32/32 MP: 12/16
   262 | D        | Found a snail-covered altar of Cheibriados.
   262 | D        | Found a shadowy altar of Dithmenos.
   262 | D        | Noticed a slime creature
   263 | D        | Found a viscous altar of Jiyva.
   263 | D        | Found a blossoming altar of Fedhas.
   266 | D        | Became a worshipper of Dithmenos the Shadowed
   268 | D        | Killed a slime creature
   268 | D        | Reached skill level 1 in Invocations
   308 | D        | Found a deep blue altar of Sif Muna.
   310 | D        | Found a radiant altar of Vehumet.
   314 | D        | Reached skill level 10 in Stealth
   347 | D        | Found Qewne's Magic Scroll Emporium.
   347 | D        | Found a white marble altar of Elyvilon.
   347 | D        | Found a stormy altar of Qazlal.
   347 | D        | Found a burning altar of Makhleb.
   347 | D        | Found a sacrificial altar of Ru.
   347 | D        | Found a hazy altar of Hepliaklqana.
   347 | D        | Found an oddly glowing altar of Pakellas.
   347 | D        | Found a hide-covered altar of Uskayaw.
   347 | D        | Found a basalt altar of Yredelemnul.
   347 | D        | Found a glowing golden altar of the Shining One.
   347 | D        | Found a sparkling altar of Nemelex Xobeh.
   347 | D        | Found a shimmering altar of Xom.
   347 | D        | Found an opulent altar of Gozag.
   347 | D        | Found an ancient bone altar of Kikubaaqudgha.
   347 | D        | Found a glowing silver altar of Zin.
   347 | D        | Noticed a yak
   353 | D        | Killed a yak
   353 | D        | Reached * piety under Dithmenos
   353 | D        | Reached XP level 7. HP: 36/36 MP: 14/19
   354 | D        | Found an iron altar of Okawaru.
   356 | D        | Found a bloodstained altar of Trog.
   388 | D        | Noticed Sonja
   392 | D        | Killed Sonja
   392 | D        | Reached skill level 10 in Dodging
   392 | D        | Reached skill level 11 in Stealth
   392 | D        | Reached XP level 8. HP: 42/42 MP: 19/21
   409 | D        | Found Usas's Food Boutique.
   528 | D        | Noticed a deep troll
   555 | D        | Killed a deep troll
   555 | D        | Reached skill level 12 in Stealth
   578 | D        | Found Iniste Umill's Armour Emporium.
   591 | D        | Learned a level 5 spell: Lightning Bolt
   604 | D        | Noticed a centaur warrior
   604 | D        | Noticed a centaur warrior
   613 | D        | Killed a centaur warrior
   613 | D        | Reached ** piety under Dithmenos
   613 | D        | Reached skill level 10 in Spellcasting
   613 | D        | Reached skill level 1 in Air Magic
   613 | D        | Reached XP level 9. HP: 30/46 MP: 9/24
   679 | D        | Noticed an oklob plant
   687 | D        | HP: 2/46 [centaur warrior (14)]
   690 | D        | Killed a centaur warrior
   690 | D        | Reached skill level 13 in Stealth
   994 | D        | Learned a level 9 spell: Tornado
  1022 | D        | Killed an oklob plant
  1022 | D        | Reached skill level 5 in Fighting
  1046 | D        | Killed a gargoyle
  1059 | D        | Reached *** piety under Dithmenos
  1059 | D        | Reached skill level 5 in Invocations
  1302 | D        | Noticed an unseen horror
  1304 | D        | Noticed an unseen horror
  1309 | D        | Killed an unseen horror
  1309 | D        | Reached skill level 10 in Short Blades
  1309 | D        | Reached skill level 14 in Stealth
  1309 | D        | Reached skill level 5 in Ice Magic
  1309 | D        | Reached XP level 10. HP: 51/51 MP: 26/26
  1311 | D        | Killed an unseen horror
  1316 | D        | Reached **** piety under Dithmenos
  1344 | D        | Reached ***** piety under Dithmenos
  1348 | D        | Reached skill level 5 in Armour
  1383 | D        | Found Orghuqu's Weapon Shoppe.
  1383 | D        | Found Muaduth's Food Shop.
  1383 | D        | Found Pijuusm's General Store.
  1385 | D        | Found Tufibire's Antique Armour Emporium.
  1385 | D        | Found Duumuik's Gadget Shop.
  1385 | D        | Found Ziemno's Magic Scroll Shoppe.
  1385 | D        | Found Fogg's Distillery.
  1385 | D        | Found Hegawit's Antique Armour Emporium.
  1385 | D        | Found Emac's General Store.
  1385 | D        | Found Vuical's General Store.
  1389 | D        | Bought a +0 buckler of reflection for 119 gold pieces
  1394 | D        | Found Omack's Weapon Boutique.
  1395 | D        | Bought a runed robe for 14 gold pieces
  1405 | D        | Found Poli's Jewellery Emporium.
  1405 | D        | Found Cerepucw's Weapon Boutique.
  1406 | D        | Found Jeipt's Jewellery Emporium.
  1409 | D        | Bought a twisted cloak for 256 gold pieces
  1414 | D        | Identified the +0 cloak of Fashionability {Str+7 Int-3 SInv} (You bought it in a shop in the Dungeon)
  1420 | D        | Bought the ring "Ynegoud" {Str+3 Int+4} for 443 gold pieces
  1602 | D        | Reached skill level 15 in Stealth
  1870 | D        | Reached skill level 1 in Shields
  1870 | D        | Reached skill level 5 in Air Magic
  1885 | D        | Reached ****** piety under Dithmenos
  1920 | D        | Noticed a lindwurm
  1922 | D        | Killed a lindwurm
  1922 | D        | Reached skill level 5 in Conjurations
  1922 | D        | Reached XP level 11. HP: 56/56 MP: 22/28
  1976 | D        | Reached skill level 16 in Stealth
  1979 | D        | Noticed a 12-headed hydra
  1981 | D        | Killed a 12-headed hydra
  2065 | D        | Bought an uncursed ring of poison resistance for 220 gold pieces
  2152 | D        | Noticed Norris
  2153 | D        | Noticed a lorocyproca
  2172 | D        | Killed a lorocyproca
  2172 | D        | Reached skill level 15 in Dodging
  2660 | D        | Got a warped marble ring
  2662 | D        | Identified the cursed ring "Fesya" {rN+ Str-3 SInv Stlth-} (You found it in the Dungeon)
  3288 | D        | Bought an uncursed ring of protection from fire for 275 gold pieces
  3288 | D        | Bought the ring "Voisusau" {rF- rC++ MR+ Str+3 Int+3} for 496 gold pieces
  3289 | D        | Bought the ring of Wuycequg {rElec EV+3 Str+4 Int+2} for 523 gold pieces
  3298 | D        | Bought a scroll of remove curse for 30 gold pieces
  3298 | D        | Bought a scroll of enchant armour for 75 gold pieces
  3453 | D        | Noticed a shadow dragon
  3454 | D        | Noticed a golden dragon
  3455 | D        | Killed a golden dragon
  3455 | D        | Reached skill level 17 in Stealth
  3455 | D        | Reached skill level 10 in Hexes
  3457 | D        | Killed a shadow dragon
  3457 | D        | Reached XP level 12. HP: 62/62 MP: 24/30
  3461 | D        | Identified the Reference Book on Toxins and the Volcanoes
  3465 | D        | Learned a level 2 spell: Cure Poison
  3531 | D        | Found Hogusus's Antique Weapon Shoppe.
  3595 | D        | Noticed a daeva
  3608 | D        | Reached skill level 5 in Shields
  3679 | D        | Noticed a fire giant
  3680 | D        | Noticed a fire giant
  3680 | D        | Noticed a fire giant
  3680 | D        | Noticed a fire giant
  3681 | D        | Killed a fire giant
  3681 | D        | Reached skill level 18 in Stealth
  3683 | D        | Killed a fire giant
  3685 | D        | Killed from afar by a fire giant

Vault maps used:
D:        dungeon_sprint_1

Skill      XL: |  1  2  3  4  5  6  7  8  9 10 11 12 |
---------------+-------------------------------------+-----
Fighting       | 1 2 3 4 5 6 7 |  7.2
Short Blades   | 2 4 5 6 7 9 10 11 12 13 | 13.1
Dodging        | 4 6 7 9 10 11 13 14 15 16 | 16.5
Stealth        | 5 7 9 10 11 12 14 15 17 18 | 18.2
Spellcasting   | 3 5 6 7 8 10 11 12 13 14 | 14.1
Hexes          | 4 5 6 7 8 9 10 | 10.8
Armour         | 1 2 3 4 5 6 |  6.4
Ice Magic      | 1 2 3 4 5 6 7 |  7.0
Conjurations   | 1 2 3 4 5 6 |  6.3
Invocations    | 2 3 4 5 6 |  6.1
Air Magic      | 1 3 5 7 8 |  8.3
Shields        | 1 4 5 |  5.4

Action                   |  1- 3 |  4- 6 |  7- 9 | 10-12 || total
-------------------------+-------+-------+-------+-------++-------
Melee: Dagger            |    30 |     5 |    35 |    85 ||   155
 Cast: Corona            |     3 |       |       |       ||     3
       Ensorcelled Hiber |       |     2 |    20 |     3 ||    25
       Dazzling Spray    |       |     1 |     6 |    25 ||    32
       Confuse           |       |       |       |     4 ||     4
Invok: Shadow Step       |       |       |       |     5 ||     5
  Use: Potion            |     2 |       |     2 |     1 ||     5
       Scroll            |       |       |       |     4 ||     4
 Stab: Sleeping          |     1 |     4 |     9 |    41 ||    55
       Invisible         |       |       |     2 |     6 ||     8
       Confused          |       |       |       |     1 ||     1
  Eat: Fruit             |       |       |       |     3 ||     3
Armor: Robe              |     2 |     1 |     1 |     7 ||    11
Dodge: Dodged            |    18 |     2 |    34 |    75 ||   129
Block: Buckler           |       |       |       |    12 ||    12
